 Dungeon Crawl Stone Soup version 0.14-a0-3167-gc8df72d (webtiles) character file.

28048 HollowCharge the Cruncher (level 12, -14/108 HPs)
             Began as a Demigod Gladiator on Mar 9, 2014.
             Demolished by a freezing wraith (21 damage)
             ... on Level 5 of the Lair of Beasts on Mar 10, 2014.
             The game lasted 01:17:17 (20394 turns).

HollowCharge the Cruncher (Demigod Gladiator)      Turns: 20394, Time: 01:17:17

HP -14/108       AC 11     Str 21      XL: 12   Next: 68%
MP  19/19        EV 24     Int 13      God:
Gold 629         SH  0     Dex 23      Spells:  0 memorised, 11 levels left

rFire  . . .     SeeInvis .     g - +2,+1 quarterstaff "Uqyom" {flame, Int+1}
rCold  . . .     Clarity  +     b - +2 robe
rNeg   . . .     Conserve +     (no shield)
rPois  +         rCorr    .     j - +1 helmet
rElec  +         rRot     .     C - +0 cloak
SustAb . .       Spirit   .     s - +1 pair of gloves
rMut   .         Warding  .     (no boots)
Saprov . . .     Stasis   .     D - amulet of conservation
MR     +....                    z - +2 ring of protection
                                m - ring of poison resistance

@: somewhat resistant to hostile enchantments, fairly stealthy
A: hooves 1, clarity, mutation resistance 1, electricity resistance
a: no special abilities


You were on level 5 of the Lair of Beasts.
You were hungry.

You visited 2 branches of the dungeon, and saw 14 of its levels.
You also visited: Sewer.

You collected 739 gold pieces.
You spent 110 gold pieces at shops.

Inventory:

Hand weapons
 a - a +1,+0 quarterstaff
 g - the +2,+1 quarterstaff "Uqyom" (weapon) {flame, Int+1}
   (You found it on level 1 of the Lair of Beasts)

   It emits flame when wielded, causing extra injury to most foes and up to
   double damage against particularly susceptible opponents.
   It affects your intelligence (+1).
Armour
 b - a +2 robe (worn)
 j - a +1 helmet (worn)
 s - a +1 pair of gloves (worn)
 C - a +0 cloak (worn)
 H - a +0 pair of boots
Magical devices
 B - a wand of fireball (0)
Comestibles
 f - 8 bread rations
 l - 3 apples
 n - a rotting chunk of yak flesh
 t - a lemon
 v - 5 meat rations
 w - 4 pears
 x - 16 honeycombs
 A - 2 chokos
Scrolls
 d - 4 scrolls of fog
 e - a scroll of identify
 h - 2 scrolls of remove curse
 o - a scroll of enchant weapon I
 y - 2 scrolls of vulnerability
Jewellery
 m - a ring of poison resistance (left hand)
 z - a +2 ring of protection (right hand)
 D - an amulet of conservation (around neck)
 F - a cursed ring of teleportation
Potions
 i - a potion of brilliance
 k - 3 potions of curing
 p - 2 potions of invisibility
 r - 2 potions of magic
 u - 2 potions of speed
 G - a potion of confusion {unknown}
 J - a potion of restore abilities {unknown}


   Skills:
 + Level 10.7 Fighting
 * Level 13.6 Staves
 - Level 1.7 Throwing
 + Level 11.1 Dodging


You had 11 spell levels left.
You didn't know any spells.

Dungeon Overview and Level Annotations

Branches:
Dungeon (8/16)             Temple (0/1) D:7            Lair (6/8) D:8
 Shoals (0/5) Lair:5       Spider (0/5) Lair:5
  Slime: Lair:6-8

Shops:
D:6 =

Annotations:
Lair:3 exclusion: oklob plant


Innate Abilities, Weirdness & Mutations

You have large cloven feet.
You possess an exceptional clarity of mind.
You are somewhat resistant to further mutation.
You are resistant to electric shocks.


Message History

The freezing wraith barely misses you. The freezing wraith closely misses you.
You closely miss the freezing wraith. You kick the freezing wraith.
The freezing wraith is lightly damaged.
The freezing wraith misses you.
You hit the freezing wraith but do no damage.
The freezing wraith is lightly damaged.
You hit the freezing wraith but do no damage.
Your kick misses the freezing wraith.
The freezing wraith is lightly damaged.
The freezing wraith hits you!
* * * LOW HITPOINT WARNING * * *
The freezing wraith freezes you!
One of your 2 potions of brilliance freezes and shatters!
* * * LOW HITPOINT WARNING * * *
The freezing wraith closely misses you.
As you read the scroll of summoning, it crumbles to dust.
Wisps of shadow whirl around you... The freezing wraith hits you.
* * * LOW HITPOINT WARNING * * *
The freezing wraith freezes you!
You die...

####.(.P##### ##..PP.......##
##..........###.........f...##
#P......#.f......P....#.f....####
##.P>#....#......#.......^......#
.....##..#..#...#.#......f....P##
#....##......###..##............#
....####f...###8Y.8#.#..........#
P..### ##.####..YF.Y.###.#.......
.f...###.#..Y..Y@....# #.#.>.....
.....#..#.....#8YW8### #.........
f.............##.H### ###.#....#
P...#####.........#.# ###..#.#
f..### ##...#.....## ##..##
.....# ##.##...### #..... ....##
####...# ##P... ....# #P...###
##... ..### #......# #f..


You could see a freezing wraith, 6 friendly yaks, a friendly hippogriff and a
friendly giant frog.

Vanquished Creatures
  A grey draconian (Lair:3)
  4 hydras
  An ice devil (Lair:6)
  10 elephants
  2 black mambas (Lair:5)
  7 spiny frogs
  2 komodo dragons
  A freezing wraith (Lair:6)
  A queen bee (Lair:4)
  9 blink frogs
  A two-headed ogre (D:8)
  5 wandering mushrooms (Lair:1)
  A wyvern (Lair:3)
  20 yaks
  A shark (Lair:1)
  A deep elf fighter (D:8)
  4 hippogriffs
  Edmund (D:6)
  7 wolves
  13 water moccasins
  A necrophage (D:8)
  10 porcupines
  2 ice beasts
  A giant goldfish (Lair:1)
  A sky beast (D:6)
  An orc warrior (D:8)
  5 centaurs
  3 ogres
  A phantom (D:6)
  A boring beetle (Lair:4)
  7 crocodiles
  Sigmund (D:3)
  Duvessa (D:5)
  6 giant slugs
  An elf zombie (D:8)
  9 giant frogs
  A wyvern skeleton (D:6)
  24 killer bees (Lair:4)
  A troll zombie (D:8)
  7 wights
  An electric eel (Lair:1)
  Dowan (D:5)
  A big fish (Lair:1)
  8 crimson imps
  8 iguanas
  A goliath beetle (D:5)
  8 hounds
  3 human zombies (D:8)
  3 jellies
  4 orc wizards (D:4)
  A human skeleton (D:8)
  2 orc priests
  4 sheep (Lair:4)
  5 worker ants
  Jessica (D:2)
  A hound zombie (D:8)
  A mummy (D:8)
  A worker ant zombie (D:5)
  20 adders
  3 gnolls (D:5)
  24 green rats
  9 giant mites
  An inept item mimic (D:2)
  5 worms
  An iguana skeleton (D:5)
  2 giant eyeballs (D:4)
  19 giant geckos
  18 orcs
  33 bats
  13 giant cockroaches
  17 hobgoblins
  9 jackals
  13 kobolds
  9 quokkas
  5 ball pythons (Sewer)
  22 giant newts
  2 giant spores
  8 goblins
  A goblin zombie (D:5)
  A hobgoblin zombie (D:6)
  An orc skeleton (D:8)
  31 rats
  A rat zombie (D:5)
  2 ballistomycetes
  2 fungi
  A plant (D:4)
503 creatures vanquished.

Vanquished Creatures (collateral kills)
  A yak (Lair:6)
1 creature vanquished.

Vanquished Creatures (others)
  A spiny frog (Lair:6)
  5 green rats (Lair:6)
  A rat (Lair:6)
  A plant (Lair:5)
8 creatures vanquished.

Grand Total: 512 creatures vanquished

Notes
Turn   | Place    | Note
--------------------------------------------------------------
     0 | D:1      | HollowCharge, the Demigod Gladiator, began the quest for the Orb.
     0 | D:1      | Reached XP level 1. HP: 17/17 MP: 2/2
   311 | D:1      | Reached skill level 3 in Dodging
   311 | D:1      | Reached XP level 2. HP: 15/24 MP: 3/3
   878 | D:2      | Noticed Jessica
   882 | D:2      | Killed Jessica
   882 | D:2      | Reached XP level 3. HP: 18/29 MP: 5/5
  1477 | D:2      | Found a shimmering altar of Xom.
  1688 | D:2      | Reached XP level 4. HP: 24/37 MP: 7/7
  2039 | D:3      | Noticed Sigmund
  2067 | D:3      | Killed Sigmund
  2067 | D:3      | Reached skill level 4 in Dodging
  2067 | D:3      | Reached XP level 5. HP: 12/45 MP: 8/8
  3270 | D:4      | Paralysed by a giant eyeball for 3 turns
  3372 | D:4      | Reached XP level 6. HP: 49/51 MP: 10/10
  3420 | D:4      | Noticed an ogre
  3425 | D:4      | Killed an ogre
  3652 | D:4      | Reached skill level 5 in Dodging
  4092 | D:5      | Entered Level 5 of the Dungeon
  4496 | D:5      | Noticed Duvessa
  4514 | D:5      | Killed Duvessa
  4514 | D:5      | Reached XP level 7. HP: 50/60 MP: 12/12
  4573 | D:5      | Noticed Dowan
  4623 | D:5      | Killed Dowan
  4623 | D:5      | Reached skill level 5 in Staves
  4969 | D:5      | Found a glowing drain.
  4979 | Sewer    | Entered a sewer
  5063 | Sewer    | Gained mutation: You are somewhat resistant to further mutation. [potion of mutation]
  5063 | Sewer    | Gained mutation: You have large cloven feet. [potion of mutation]
  5064 | Sewer    | Gained mutation: You are resistant to electric shocks. [potion of mutation]
  5064 | Sewer    | Gained mutation: You possess an exceptional clarity of mind. [potion of mutation]
  5237 | Sewer    | Reached skill level 5 in Fighting
  5443 | Sewer    | Reached skill level 6 in Dodging
  5791 | D:5      | Reached XP level 8. HP: 49/68 MP: 13/13
  6570 | D:6      | Upgraded the game from 0.14-a0-3154-g428849b to 0.14-a0-3167-gc8df72d
  6573 | D:6      | Found Fuetant's Jewellery Shoppe.
  6768 | D:6      | Bought a +2 ring of protection for 110 gold pieces
  6847 | D:6      | Found a radiant altar of Vehumet.
  6852 | D:6      | Found a white marble altar of Elyvilon.
  6856 | D:6      | Found a snail-covered altar of Cheibriados.
  6908 | D:6      | Noticed Edmund
  6926 | D:6      | Killed Edmund
  6926 | D:6      | Reached skill level 7 in Dodging
  7907 | D:6      | Reached XP level 9. HP: 78/78 MP: 15/15
  8038 | D:7      | Found an iron altar of Okawaru.
  8458 | D:7      | Found a staircase to the Ecumenical Temple.
  8934 | D:8      | Reached skill level 8 in Dodging
  9541 | D:8      | Found a staircase to the Lair.
  9983 | D:8      | Found a basalt altar of Yredelemnul.
 10337 | D:8      | Reached XP level 10. HP: 56/88 MP: 17/17
 10505 | Lair:1   | Entered Level 1 of the Lair of Beasts
 10552 | Lair:1   | Reached skill level 9 in Staves
 11558 | Lair:1   | Found a bloodstained altar of Trog.
 11709 | Lair:1   | Reached skill level 10 in Staves
 11856 | Lair:1   | Noticed a five-headed hydra
 11878 | Lair:1   | HP: 4/90 [five-headed hydra (2)]
 11883 | Lair:1   | Killed a five-headed hydra
 12154 | Lair:1   | Got a smoking quarterstaff
 12155 | Lair:1   | Identified the cursed +2,+1 quarterstaff "Uqyom" {flame, Int+1} (You found it on level 1 of the Lair of Beasts)
 13095 | Lair:2   | Reached XP level 11. HP: 92/95 MP: 18/18
 13824 | Lair:3   | Reached skill level 11 in Staves
 14065 | Lair:3   | Noticed a six-headed hydra
 14083 | Lair:3   | Noticed a grey draconian
 14083 | Lair:3   | a six-headed hydra changed into a grey draconian
 14637 | Lair:3   | Found a white marble altar of Elyvilon.
 15153 | Lair:3   | Killed a grey draconian
 15690 | Lair:4   | Reached skill level 10 in Dodging
 16091 | Lair:4   | Reached skill level 12 in Staves
 16903 | Lair:4   | Noticed a four-headed hydra
 16911 | Lair:4   | Killed a four-headed hydra
 17811 | Lair:4   | Reached skill level 10 in Fighting
 17811 | Lair:4   | Reached XP level 12. HP: 97/106 MP: 19/19
 18429 | Lair:5   | Found a hole to the Spider Nest.
 18592 | Lair:5   | Found a staircase to the Shoals.
 18673 | Lair:5   | Reached skill level 13 in Staves
 18899 | Lair:5   | Noticed a six-headed hydra
 18912 | Lair:5   | Killed a six-headed hydra
 19188 | Lair:5   | Noticed a four-headed hydra
 19536 | Lair:5   | Killed a four-headed hydra
 19817 | Lair:6   | Noticed an eight-headed hydra
 19817 | Lair:6   | Noticed a six-headed hydra
 20252 | Lair:6   | Noticed an ice dragon
 20375 | Lair:6   | Noticed an ice dragon
 20394 | Lair:5   | Demolished by a freezing wraith

Action                   |  1- 3 |  4- 6 |  7- 9 | 10-12 || total
-------------------------+-------+-------+-------+-------++-------
Melee: Quarterstaff      |   109 |   248 |   775 |   976 ||  2108
Throw: Throwing net      |     1 |     7 |     2 |     1 ||    11
Evoke: Wand              |       |     7 |     3 |    28 ||    38
  Use: Scroll            |     3 |    12 |     6 |    19 ||    40
       Potion            |       |     1 |     7 |     9 ||    17
 Stab: Sleeping          |       |     2 |     3 |     4 ||     9
       Held in net/web   |       |     1 |       |     3 ||     4
       Paralysed         |       |       |     5 |       ||     5
       Distracted        |       |       |       |     1 ||     1
